 Dungeon Crawl Stone Soup version 0.31.0-32-g396128a36d (webtiles) character file.

Game seed: 15376367923304032955

2 spaghetti the Slasher (level 1, -1/21 HPs)
             Began as a Naga Chaos Knight on Mar 24, 2024.
             Was a Plaything of Xom.
             Slain by a swamp drake (12 damage)
             ... on level 1 of the Dungeon.
             The game lasted 00:00:19 (138 turns).

spaghetti the Slasher (Naga Chaos Knight)            Turns: 138, Time: 00:00:20

Health: -1/21      AC:  4    Str: 14    XL:     1   Next: 30%
Magic:  1/1        EV:  9    Int: 12    God:    Xom [..*...]
Gold:   15         SH:  0    Dex: 10    Spells: 0/0 levels left

rFire   . . .        a - +0 falchion (chaos)
rCold   . . .        (no shield)
rNeg    . . .        b - +2 leather armour
rPois   +            (no helmet)
rElec   .            (no cloak)
rCorr   .            (no gloves)
SInv    +            (no barding)
Will    .....        (no amulet)
Stlth   +            (no ring)
HPRegen 0.23/turn    (no ring)
MPRegen 0.07/turn

%: no passive effects
@: very slow
A: AC +0, large, see invisible, deformed body, poison resistance, slowness 2,
spit poison 1, naga tail 1
a: Spit Poison, Renounce Religion


You were on level 1 of the Dungeon.
You worshipped Xom.
You were a toy of Xom.
You visited 1 branch of the dungeon, and saw 1 of its levels.

You collected 15 gold pieces.

Inventory:

Hand Weapons
 a - a +0 falchion of chaos (weapon)
Armour
 b - a +2 leather armour (worn)
Scrolls
 c - a scroll of butterflies


   Skills:
 - Level 3.0 Fighting
 + Level 3.1 Long Blades
 - Level 1.5 Armour
 - Level 0.7 Dodging


You couldn't memorise any spells.
You didn't know any spells.
Your spell library contained the following spells:

 Spells                   Type           Power      Damage    Failure   Level
 Gell's Gravitas          Tloc           0%         N/A       77%         3
 Teleport Other           Tloc           0%         N/A       77%         3
 Dispersal                Tloc           0%         N/A       100%        6


Dungeon Overview and Level Annotations

Branches:
Dungeon (1/15)

Altars:


Innate Abilities, Weirdness & Mutations

Your serpentine skin is tough. (AC +0)
You have supernaturally acute eyesight. (SInv)
Armour fits poorly on your strangely shaped body.
Your system is resistant to poisons. (rPois)
You cover ground very slowly.
You can spit poison.
You have a snake-like lower body.


Message History

The swamp drake is severely wounded.
The swamp drake breathes poison at you.
The noxious blast engulfs you but does no damage.
You are poisoned.
You resist. The swamp drake bites you.
You barely miss the swamp drake.
The swamp drake is severely wounded.
You feel sick. The swamp drake bites you!
You are too injured to fight recklessly!
You are too injured to fight recklessly!
You are too injured to fight recklessly!
You are too injured to fight recklessly!
You are too injured to fight recklessly!
You are too injured to fight recklessly!
You are too injured to fight recklessly!
You are too injured to fight recklessly!
You are too injured to fight recklessly!
You are too injured to fight recklessly!
A swamp drake is nearby!
A swamp drake is nearby!
You closely miss the swamp drake.
The swamp drake is severely wounded.
You feel sick.
You are no longer poisoned.
Xom smirks.
You detect items!
The swamp drake barely misses you.
You hit the swamp drake but do no damage.
The swamp drake is severely wounded.
The swamp drake barely misses you.
You hit the swamp drake. You burn the swamp drake.
The swamp drake is almost dead.
The swamp drake breathes poison at you. The noxious blast misses you.
Unknown command.
Unknown command.
You barely miss the swamp drake.
The swamp drake is almost dead.
The swamp drake bites you!
Ouch! That really hurt!
You die...

∆ #.##.##.#.### .
####### #.......#....
#.#.......####.########
∆ #.#.....#.........#
.#.......######.##.#
.......$...#.......#####
#......#.#.#.###......
#...°°k#.#...#.#.#####
#...°@##.#.#.#.......#
####°°°....#.#.#.#...#
#.#..>....#.#.#.###
#.#......##.#.#.#
#.######.##.#.#.# #.
#.##.#.#.# ## #.##.#.#.#
#.##.#.#.# #.##.#


You could see a swamp drake (catching breath).

Vanquished Creatures
  2 bats (D:1)
  A rat (D:1)
3 creatures vanquished.

Notes
Turn   | Place    | Note
-------+----------+-------------------------------------------
     0 | D:1      | spaghetti the Naga Chaos Knight began the quest for the
                  | Orb.
     0 | D:1      | Reached XP level 1. HP: 21/21 MP: 1/1
   132 | D:1      | a bat changed into a swamp drake
   132 | D:1      | Noticed a swamp drake
   135 | D:1      | XOM: divination: detect items
   138 | D:1      | Slain by a swamp drake

Illustrated notes

Levels and vault maps discovered:
D:1:      nicolae_arrival_memento_mori, layout_basic

Action                     || total
---------------------------++-------
  Melee: Falchion          ||    16
 Armour: Leather armour    ||    17
  Dodge: Dodged            ||    13
